 Dungeon Crawl Stone Soup version 0.30-a0-782-ge64f9170bb (webtiles) character file.

Game seed: 15630268289090958817

156 sanka the Sneak (level 4, -1/34 (40) HPs)
             Began as a Demigod Delver on Feb 23, 2023.
             Slain by Edmund
             ... wielding a +4 flail of draining
              (9 damage)
             ... on level 4 of the Dungeon.
             The game lasted 00:04:35 (2641 turns).

sanka the Sneak (Demigod Delver)                    Turns: 2641, Time: 00:04:36

HP:   -1/34 (40)    AC:  4    Str: 13    XL:     4   Next: 92%
MP:   6/6           EV: 13    Int: 14    God:
Gold: 53            SH:  0    Dex: 19    Spells: 3/3 levels left

rFire   . . .      SeeInvis .    m - +10 flail "Fes Cipi" {freeze, rC+ Int+2}
rCold   + . .      Faith    .    (no shield)
rNeg    . . .      Spirit   .    b - +0 leather armour
rPois   .          Reflect  .    (no helmet)
rElec   .          Harm     .    (no cloak)
rCorr   +          Rampage  .    (no gloves)
Will    .....                    j - +0 pair of boots
Stlth   +++                      (no amulet)
HPRegen 0.25/turn                u - ring of resist corrosion
MPRegen 0.10/turn                i - ring of flight

@: mighty, flying, heavily drained
A: high MP 1, forlorn, divine attributes
a: no special abilities


You were on level 4 of the Dungeon.
You visited 1 branch of the dungeon, and saw 5 of its levels.

You collected 101 gold pieces.
You spent 48 gold pieces at shops.


Innate Abilities, Weirdness & Mutations

You have an increased reservoir of magic. (+10% MP)
You shall have no god before yourself.
Your divine heritage dramatically boosts your attributes as you level up.


   Skills:
 + Level 4.1 Fighting
 - Level 2.0 Long Blades
 + Level 3.5 Dodging
 - Level 4.5 Stealth


You had 3 spell levels left.
You didn't know any spells.
Your spell library was empty.

Inventory:

Hand Weapons
 a - a +0 falchion
 m - the +10 flail "Fes Cipi" (weapon) {freeze, rC+ Int+2}

   Int:       It affects your intelligence (+2).
   rC:        It protects you from cold.
Armour
 b - a +0 leather armour (worn)
 j - a +0 pair of boots (worn)
 p - a +0 helmet
Jewellery
 i - a ring of flight (right hand)
 s - a +6 ring of intelligence
 u - a ring of resist corrosion (left hand)
 x - a ring of wizardry
Wands
 g - a wand of digging (3)
 w - a wand of iceblast (4)
Scrolls
 c - a scroll of fog
 d - a scroll of magic mapping
 l - a scroll of fear
 n - 2 scrolls of poison {unknown}
 o - 4 scrolls of identify {unknown}
 q - a scroll of teleportation {unknown}
 r - 2 scrolls of butterflies {unknown}
 v - a scroll of brand weapon {unknown}
 y - a scroll of enchant weapon {unknown}
 z - a scroll of vulnerability {unknown}
Potions
 e - a potion of attraction {unknown}
 f - 2 potions of haste {@q3}
 h - a potion of curing {unknown}
 k - a potion of might
 t - a potion of heal wounds {unknown}

Dungeon Overview and Level Annotations

Branches:
Dungeon (5/15)
 Temple: D:4-7

Shops:
D:2 *   D:5 *

Annotations:
D:4 1 runed translucent door, Edmund; ma3's ghost, amateur GnWn
D:5 exclusion: scorpion

.........▒▒.....
..............▒▒▒.... . ▒..
..............▒▒.... ▒.
▒..▒▒▒▒.......▒▒.)<..▒.▒▒.
▒.▒▒...▒..................▒▒▒
.▒.....................▒▒.▒▒.▒
............▒..........▒▒▒▒...
.h...................... ▒▒...
............▒p.......▒▒▒▒▒....
.......†....@▒▒......▒▒▒▒..▒▒.
.........▒▒..▒▒▒▒....▒▒.....▒.
....▒...▒▒▒..▒ ▒.............
... ▒▒..▒ ▒▒..▒ ▒.(....▒▒▒▒...
. ..▒▒▒ ...▒ ▒▒▒...▒▒ ▒▒.. ▒..
▒+▒▒ ▒....▒ ▒▒▒. ▒...
▒..▒▒▒▒▒▒.▒▒ ▒▒.. ▒.......▒..>


You could see Edmund.


Message History

Edmund asks, "Have you met my wondrous brother?"
A black bear comes into view.
You see here an adder corpse.
Edmund attacks as you move away!
Edmund hits you with a +4 flail of draining.
You feel drained. Edmund attacks as you move away!
Edmund hits you with a +4 flail of draining!
You feel drained.
* * * LOW HITPOINT WARNING * * *
Edmund attacks as you move away! Edmund barely misses you.
Edmund attacks as you move away! Edmund closely misses you.
You sock Edmund! You freeze Edmund.
Edmund is moderately wounded.
Edmund hits you with a +4 flail of draining!
* * * LOW HITPOINT WARNING * * *
You feel drained.
* * * LOW HITPOINT WARNING * * *
You hit Edmund. You freeze Edmund.
Edmund is moderately wounded.
Edmund hits you but does no damage.
You feel drained. Edmund barely misses you.
You feel very mighty all of a sudden.
Edmund hits you with a +4 flail of draining!
You die...

Action                     |  1- 3 |  4- 6 || total
---------------------------+-------+-------++-------
  Melee: Falchion          |    16 |       ||    16
         Flail             |    73 |    11 ||    84
    Use: Scroll            |     1 |       ||     1
         Potion            |       |     1 ||     1
   Stab: Sleeping          |    10 |       ||    10
         Distracted        |     1 |       ||     1
 Armour: Leather armour    |    34 |     2 ||    36
  Dodge: Dodged            |    57 |     8 ||    65

Levels and vault maps discovered:
D:1:      lightli_arrival_windingriver, layout_rooms,
          shapermc_ecumenical_altar_acropolis
D:2:      layout_loops_ring, serial_shops, nicolae_diamond_shop
D:3:      layout_basic, mainiacjoe_overflow_small_starburst,
          nzn_wu_jian_council_hall
D:4:      layout_cave_pools, nicolae_hepliaklqana_ecumenical_no_more,
          ebering_ghost_sewer_d, uniq_edmund, uniq_natasha
D:5:      layout_gridville, nicolae_stop_n_shop_2, uniq_ijyb

Notes
Turn   | Place    | Note
-------+----------+-------------------------------------------
     0 | D:5      | sanka the Demigod Delver began the quest for the Orb.
     0 | D:5      | Reached XP level 1. HP: 18/18 MP: 3/3
    10 | D:5      | Noticed a scorpion
    27 | D:5      | Found Wunit's Assorted Antiques.
    36 | D:5      | Noticed a wight
    40 | D:5      | Noticed a black bear
    44 | D:4      | Found a runed translucent door.
    45 | D:4      | Noticed ma3's ghost (amateur GnWn)
    60 | D:4      | Noticed Edmund
    93 | D:4      | Noticed a necrophage
   208 | D:3      | Reached skill level 2 in Long Blades
   267 | D:3      | Identified the +10 flail "Fes Cipi" {freeze, rC+ Int+2}
   286 | D:3      | Reached skill level 2 in Dodging
   299 | D:3      | Reached XP level 2. HP: 22/25 MP: 4/4
   468 | D:3      | Reached skill level 3 in Fighting
   883 | D:1      | Reached XP level 3. HP: 31/31 MP: 5/5
  1342 | D:2      | Found Zoemy's General Store.
  1790 | D:2      | Bought a potion of might for 48 gold pieces
  2234 | D:4      | Reached skill level 3 in Dodging
  2279 | D:4      | Reached XP level 4. HP: 40/40 MP: 6/6
  2352 | D:4      | Killed a necrophage
  2353 | D:4      | Reached skill level 4 in Fighting
  2632 | D:4      | Noticed a black bear
  2641 | D:4      | Slain by Edmund

Vanquished Creatures
  A necrophage (D:4)
  4 adders
  A dart slug (D:4)
  An orc (D:4)
  7 ball pythons
  5 bats
  7 endoplasms
  A giant cockroach (D:1)
  6 goblins
  8 hobgoblins
  2 jackals (D:4)
  5 kobolds
  A quokka (D:3)
  3 frilled lizards
  3 rats
55 creatures vanquished.
